Unix NetHack Version 5.0.0-0 post-release - last build Jun 10 2026 00:39:30 (3ee93aec679c4c4259841fe613dc97188e26a321,branch:main).

Game began 2026-06-16 05:00:36, ended 2026-06-16 05:27:38.

CyberFan, chaotic female elven Priestess

                                                                   -----
                                                                 --.|..|
                                                               --......
                                                             ---......
                                                              ...(...
                                                              ......-
                                                             --....
                                                        ---- |....       -
                                                      ---..| |...--------..
                                         -          ---.<..---...........-
                                         #..    --- |..Gh@...............|
                                           -...#G.G.....h)...%...........|
                                           - -  -.............).........--
                            .............................G............---
                            --       |..    --------*................--
                                     --            |..............---.|
                                                   |..|...........|  --
                                                   -----..........|
                                                       ----.......|
                                                          ----.|.--
                                                             -----
CyberFan the Adept           St:12 Dx:10 Co:15 In:11 Wi:18 Ch:14  Chaotic
Dlvl:6  $:2026 HP:0(39) Pw:94(101) AC:2  Xp:6/356 T:5000 

Latest messages:
 The gnome misses!
 You hit the gnome!
 You kill the gnome!
 The dwarf thrusts her dagger.
 The dwarf misses!
 You hit the dwarf!
 The dwarf thrusts her dagger.
 The dwarf misses!
 You miss the dwarf.
 You kill the dwarf!
 You hear crashing rock.
 The gnome hits!
 You hit the gnome.
 The gnome hits!
 You kill the gnome!
 You kill the sewer rat!
 p - a blessed scroll of blank paper.
 t - an uncursed candle.
 There is an uncursed gnome corpse here; eat it? [ynq] (n)
 This gnome corpse tastes okay.
 You stop eating the gnome corpse.
 The gnome throws a dagger!
 The dagger hits the dwarf.
 The hobbit throws a dagger!
 The dagger misses the gnome.
 The dagger misses the dwarf.
 You are hit by a dagger.
 The dwarf swings his broad pick.
 The dwarf hits!
 You hit the dwarf.
 The gnome picks up a blessed dagger.
 You hit the dwarf!
 You miss the dwarf.
 The dwarf swings his broad pick.
 The dwarf hits!
 In what direction?
 You feel better.
 You hit the dwarf!
 The dwarf swings his broad pick.
 The dwarf hits!
 The gnome lord zaps a pine wand!
 The gnome vanishes!
 The gnome vanishes and reappears close by.
 The gnome throws a dagger!
 You are almost hit by a dagger.
 You miss the dwarf.
 The hobbit hits!
 The dwarf swings his broad pick.
 The dwarf hits!
 You die...

Inventory:
 Coins    ('$')
  $ - 2026 gold pieces
 Weapons  (')')
  a - a blessed rusty +1 mace (weapon in left hand)
 Armor    ('[')
  X - an uncursed +0 pair of leather gloves (being worn)
  Z - an uncursed +0 pair of iron shoes (being worn)
  c - an uncursed +0 small shield (being worn)
  b - an uncursed +0 robe (being worn)
  Q - an uncursed +0 leather armor (being worn)
 Comestibles  ('%')
  T - an uncursed jackfruit
  e - an uncursed clove of garlic
  f - an uncursed sprig of wolfsbane
 Scrolls  ('?')
  p - a blessed scroll of blank paper
  r - an uncursed scroll of blank paper
  E - an uncursed scroll of create monster
  s - an uncursed scroll of fire
  h - an uncursed scroll of gold detection
  P - a cursed scroll of gold detection
  R - a blessed scroll of light
  O - an uncursed scroll of remove curse
 Potions  ('!')
  q - 2 uncursed potions of confusion
  u - an uncursed potion of fruit juice
  J - a blessed potion of gain energy
  M - an uncursed potion of paralysis
  V - an uncursed potion of see invisible
  d - 3 potions of holy water
  D - an uncursed potion of water
  G - a potion of unholy water
 Rings    ('=')
  j - a blessed +1 ring of gain strength (on right hand)
  K - a cursed ring of polymorph
 Wands    ('/')
  k - an uncursed wand of secret door detection (0:4)
 Tools    ('(')
  i - an uncursed tooled horn
  m - a blessed oil lamp
  t - an uncursed tallow candle
 Gems/Stones  ('*')
  n - an uncursed worthless piece of white glass
  l - an uncursed worthless piece of yellow glass
  o - 2 uncursed worthless pieces of yellowish brown glass

CyberFan the Priestess's attributes:

Background:
 You were an Adept, a level 6 elven Priestess.
 You were chaotic, nominally on a mission for Mars
 who was opposed by Mercury (lawful) and Venus (neutral).
 You were left-handed.
 You were in the Gnomish Mines, on level 6.
 You entered the dungeon 5000 turns ago.
 It was nighttime.
 There was a new moon in effect when your adventure ended.
 You had 356 experience points, 284 more were needed to attain level 7.

Basics:
 You had 0 out of 39 hit points.
 You had 94 out of 101 energy points (spell power).
 Your armor class was 2.
 Your wallet contained 2026 zorkmids.
 Autopickup was on for '$%?!"=/*' plus thrown, with exceptions.

Final Characteristics:
 Your strength was 12 (base:11, limit:18).
 Your dexterity was 10 (limit:18).
 Your constitution was 15 (limit:16).
 Your intelligence was 11 (limit:20).
 Your wisdom was 18 (limit:20).
 Your charisma was 14 (limit:18).

Final Status:
 You weren't hungry.
 You were unencumbered.
 You were wielding a mace.
 You were skilled in mace.

Final Attributes:
 You were piously aligned.
 You were sleep resistant.
 You had infravision.
 You were guarded.
 Your spell casting was enhanced by wearing a robe.
 You are dead.

Miscellaneous:
 You disabled loading and storing of bones levels.
 Total elapsed playing time was 26 minutes and 36 seconds.

Major events:
 Turn
    1: CyberFan the chaotic elven Priestess entered the dungeon
  871: attained the rank of Acolyte (level 3)
 2248: entered the Gnomish Mines
 4908: attained the rank of Adept (level 6)
 5000: killed by a dwarf

Spells:
 Name                 Level Category     Fail Retention
 light                  1   clerical       0%   71%-80%
 healing                1   healing        0%  76%-100%
 invisibility           4   escape        97%  76%-100%
 identify               3   divination    68%  76%-100%

Skills:
 Fighting Skills
   bare handed combat [Unskilled]
 Weapon Skills
   club               [Unskilled]
   mace               [Skilled]
   morning star       [Unskilled]
   flail              [Unskilled]
   hammer             [Unskilled]
   quarterstaff       [Unskilled]
   polearms           [Unskilled]
   spear              [Unskilled]
   trident            [Unskilled]
   lance              [Unskilled]
   bow                [Unskilled]
   sling              [Unskilled]
   crossbow           [Unskilled]
   dart               [Unskilled]
   shuriken           [Unskilled]
   boomerang          [Unskilled]
   unicorn horn       [Unskilled]
 Spellcasting Skills
   healing spells     [Unskilled]
   divination spells  [Unskilled]
   clerical spells    [Basic]

Voluntary challenges:
 Character rerolling was not enabled.
 You were an atheist.
 You never genocided any monsters.
 You never polymorphed an object.
 You never changed form.
 You used no wishes.
Achievements:
 You attained the rank of Acolyte.
 You entered a shop.
 You entered the Gnomish Mines.
 You attained the rank of Adept.

 The Dungeons of Doom: levels 1 to 7
    Level 1:
    Level 2:
       A fountain.
    Level 3:
       A potion shop.
    Level 4:
       A sink.
       Stairs down to The Gnomish Mines.
    Level 5:
       A general store, some fountains.
    Level 6:
       An altar, some fountains.
    Level 7:
       Some fountains.
 The Gnomish Mines: levels 5 to 6
    Level 5:
    Level 6: <- You were here.
       Final resting place for
          you, killed by a dwarf.


Vanquished creatures:
  a gnome ruler
 an ape
  a pony
  2 gnome leaders
  2 elf zombies
  a ghoul
  a little dog
  3 dwarves
  a kobold leader
  2 hill orcs
  a rabid rat
  a werejackal
  7 iguanas
 an acid blob
  a coyote
  2 cave spiders
  a red mold
  9 gnomes
  a gnome zombie
  3 geckos
  6 jackals
  a kobold
  3 goblins
  a sewer rat
  3 grid bugs
  9 lichens
  2 kobold zombies
  6 newts
73 creatures vanquished.

No species were genocided or became extinct.

Game over:
                       ----------
                      /          \
                     /    REST    \
                    /      IN      \
                   /     PEACE      \
                  /                  \
                  |     CyberFan     |
                  |     2026 Au      |
                  |   killed by a    |
                  |      dwarf       |
                  |                  |
                  |                  |
                  |       2026       |
                 *|     *  *  *      | *
        _________)/\\_//(\/(/\)/\//\/|_)_______

Goodbye CyberFan the Priestess...

You died in The Gnomish Mines on dungeon level 6 with 3558 points,
and 2026 pieces of gold, after 5000 moves.
You were level 6 with a maximum of 39 hit points when you died.

